 Dungeon Crawl Stone Soup version 0.14-a0-1707-g75daffb (webtiles) character file.

119 Netfire the Vexing (level 2, 18/19 HPs)
             Began as a Vampire Enchanter on July 14, 2013.
             Quit the game on Level 2 of the Dungeon on Jan 1, 2014.
             The game lasted 00:08:10 (1385 turns).

Netfire the Vexing (Vampire Enchanter)              Turns: 1385, Time: 00:08:10

HP  18/19        AC  3     Str  7      XL: 2   Next: 75%
MP   4/6         EV 10     Int 17      God:
Gold 96          SH  0     Dex 14      Spells:  2 memorised,  0 levels left

rFire  . . .     SeeInvis +     a - +1 dagger {=f}
rCold  . . .     Clarity  .     s - +0 leather armour
rNeg   . . .     Conserve .     (no shield)
rPois  .         rCorr    .     (no helmet)
rElec  .         rRot     .     (no cloak)
SustAb . .       Spirit   .     (no gloves)
rMut   .         Warding  .     (no boots)
Saprov . . .     Stasis   .     (no amulet)
                                (no ring)
                                (no ring)

@: regenerating quickly, not resistant to hostile enchantments, fairly stealthy
A: fangs 3, see invisible, unbreathing
a: no special abilities


You were on level 2 of the Dungeon.
You were full.

You visited 1 branch of the dungeon, and saw 2 of its levels.

You collected 76 gold pieces.

Inventory:

Hand weapons
 a - a +1,+1 dagger (weapon) {=f}
 p - a +0,+0 sling
Missiles
 d - 12 darts (quivered)
 q - 14 stones
Armour
 s - a +0 leather armour (worn)
Scrolls
 e - a scroll of curse jewellery {unknown}
 h - a scroll of fog {unknown}
 i - a scroll of blinking {unknown}
 l - a scroll of enchant weapon I {unknown}
 m - a scroll of identify {unknown}
 o - a scroll of amnesia {unknown}
 r - a scroll of remove curse {unknown}
Potions
 f - a potion of might {unknown}
 g - 2 potions of agility {unknown}
 j - a potion of confusion {unknown}
 k - a potion of curing {unknown}
 n - a potion of heal wounds {unknown}
Books
 c - a book of Maledictions

   Spells                             Type                      Level
   *Corona                            Hexes                        1
   Sure Blade                         Hexes/Charms                 2
   *Ensorcelled Hibernation           Hexes/Ice                    2
   Confuse                            Hexes                        3
   Enslavement                        Hexes                        4
   Invisibility                       Hexes                        6


   Skills:
 + Level 2.3 Short Blades
 - Level 0.7 Throwing
 - Level 2.1 Dodging
 - Level 3.0 Stealth
 - Level 1.0 Spellcasting
 - Level 5.1 Hexes


You couldn't memorise any spells.
You knew the following spells:

 Your Spells              Type           Power        Failure   Level  Hunger
a - Corona                Hex            ###....      2%          1    ##.....
b - Ensorcelled Hibernat  Hex/Ice        #.....       14%         2    ###....


Dungeon Overview and Level Annotations

Branches:
Dungeon (2/27)

Altars:


Innate Abilities, Weirdness & Mutations

Your natural rate of healing is unusually fast.
You have razor-sharp teeth.
You have supernaturally acute eyesight.
You can survive without breathing.


Message History

Magic restored.
The bat is too close now for your liking.
Casting: Corona
Confirm with . or Enter, or press ? or * to list all spells.
Aiming: Corona
Press: ? - help, Shift-Dir - straight line, f - bat
Aim: a bat The bat is outlined in light.
You hit the bat.
The bat is moderately wounded.
The bat barely misses you.
You barely miss the bat.
The bat is moderately wounded.
The bat hits you.
You hit the bat.
You kill the bat!
Save game and exit?
Welcome back, Netfire the Vampire Enchanter.
Press ? for a list of commands and other information.
Are you sure you want to abandon this character and quit the game? (Confirm with "yes".)

#.......######.##. #
#...##..# #.##. #..
#...##..# #.##.
#...####..###..# #..>.
................######....
..........................
#########..#....######....
#..###..#########. #@.#
#..#...# #. #..#
#..#...#####. #..#
#............ #..#
#..#########.
##..##############.
#.%<...............
#...#######..[##### #...#
#...# ##### #...#


There were no monsters in sight!

Vanquished Creatures
  A giant gecko (D:2)
  3 bats
  A giant cockroach (D:1)
  4 goblins
  3 hobgoblins (D:1)
  3 kobolds (D:1)
  2 giant newts (D:1)
  3 rats (D:1)
20 creatures vanquished.

Notes
Turn   | Place    | Note
--------------------------------------------------------------
     0 | D:1      | Netfire, the Vampire Enchanter, began the quest for the Orb.
     0 | D:1      | Reached XP level 1. HP: 13/13 MP: 4/4
   332 | D:1      | Reached skill level 5 in Hexes
   601 | D:1      | Reached XP level 2. HP: 17/19 MP: 3/5
   605 | D:1      | Learned a level 2 spell: Ensorcelled Hibernation
  1385 | D:2      | Upgraded the game from 0.13-a0-2382-gbc6a47d to 0.14-a0-1707-g75daffb
  1385 | D:2      | Quit the game

Action                   || total
-------------------------++-------
Melee: Dagger            ||    52
 Cast: Corona            ||    11
       Ensorcelled Hiber ||     4
  Use: Potion            ||     1
 Stab: Sleeping          ||     7
